 Dungeon Crawl Stone Soup version 0.31-a0-152-g6aa68a64a1 (webtiles) character file.

Game seed: 13698422602733364031

654 comborobin the Spear-Bearer (level 7, -6/52 HPs)
             Began as a Merfolk Delver on June 10, 2023.
             Mangled by a steam dragon (9 damage)
             ... on level 6 of the Dungeon.
             The game lasted 00:05:10 (5607 turns).

comborobin the Spear-Bearer (Merfolk Delver)        Turns: 5607, Time: 00:05:11

Health: -6/52      AC:  3    Str: 15 (16) XL:     7   Next: 54%
Magic:  7/7        EV: 14    Int:  8      God:
Gold:   287        SH:  0    Dex: 15      Spells: 1/6 levels left

rFire   + . .        a - +0 trident
rCold   + . .        (no shield)
rNeg    . . .        b - +0 leather armour
rPois   .            (no helmet)
rElec   .            (no cloak)
rCorr   +            (no gloves)
SInv    .            (no boots)
Will    .....        (no amulet)
Stlth   +++          j - ring of resist corrosion
HPRegen 0.28/turn    s - ring of protection from fire
MPRegen 0.10/turn

%: no passive effects
@: no status effects
A: (nimble swimmer 2), mertail, clumsy 1, cold resistance 1, strong 1, evolution
1
a: no special abilities


You were on level 6 of the Dungeon.
You visited 1 branch of the dungeon, and saw 6 of its levels.

You collected 287 gold pieces.

Inventory:

Hand Weapons
 a - a +0 trident (weapon)
 d - a +0 scythe
 f - a +1 dagger of venom
Armour
 b - a +0 leather armour (worn)
Jewellery
 j - a ring of resist corrosion (left hand)
 s - a ring of protection from fire (right hand)
Wands
 g - a wand of digging (5)
Scrolls
 c - 3 scrolls of fog
 e - 3 scrolls of fear
 i - 2 scrolls of teleportation
 n - 3 scrolls of identify
Potions
 o - 2 potions of degeneration


   Skills:
 - Level 3.2 Fighting
 * Level 9.2 Polearms
 + Level 6.1 Dodging
 - Level 5.4 Stealth


You had one spell level left.
You knew the following spells:

 Your Spells              Type           Power      Damage    Failure   Level
a - Freezing Cloud        Conj/Ice/Air   0%         6-21      100%        5

Your spell library contained the following spells:

 Spells                   Type           Power      Damage    Failure   Level
 Slow                     Hex            0%         N/A       47%         1
 Cigotuvi's Dreadful Rot  Necr/Pois/Air  0%         N/A       63%         2
 Confusing Touch          Hex            0%         N/A       85%         3
 Dazzling Flash           Conj/Hex       0%         N/A       85%         3
 Hailstorm                Conj/Ice       0%         3d3       85%         3
 Ignite Poison            Fire/Tmut/Pois 0%         N/A       85%         3
 Vampiric Draining        Necr           0%         2d6       85%         3
 Volatile Blastmotes      Fire/Tloc      0%         2d10      85%         3
 Ice Form                 Ice/Tmut       0%         N/A       99%         4
 Iskenderun's Mystic Bla  Conj/Tloc      0%         2d3       99%         4
 Simulacrum               Ice/Necr       0%         N/A       100%        6
 Starburst                Conj/Fire      0%         6d3       100%        6


Dungeon Overview and Level Annotations

Branches:
Dungeon (6/15)
 Temple: D:4-7

Altars:
Uskayaw

Shops:
D:4 =


Innate Abilities, Weirdness & Mutations

((You are very nimble when in or above water. (Stealth+, EV+, Speed+++)))
Your lower body shifts to a powerful aquatic tail in water.
You are clumsy. (Dex -2)
Your flesh is cold resistant. (rC+)
Your muscles are strong. (Str +4, Int/Dex -1)
You have hidden genetic potential.


Message History

You are too injured to fight recklessly!
You are too injured to fight recklessly!
You are too injured to fight recklessly!
You are too injured to fight recklessly!
You are too injured to fight recklessly!
You are too injured to fight recklessly!
You are too injured to fight recklessly!
You are too injured to fight recklessly!
You are too injured to fight recklessly!
You are too injured to fight recklessly!
You are too injured to fight recklessly!
You are too injured to fight recklessly!
You are too injured to fight recklessly!
You are too injured to fight recklessly!
You are too injured to fight recklessly!
You are too injured to fight recklessly!
You are too injured to fight recklessly!
You are too injured to fight recklessly!
You are too injured to fight recklessly!
You are too injured to fight recklessly!
You puncture the kobold!
You kill the kobold!
The steam dragon barely misses you. x2; The kobold hits you with a +0 club.
The kobold brigand hits you with a +0 dagger.
* * * LOW HITPOINT WARNING * * *
You are too injured to fight recklessly!
Found a stone staircase leading down.
The steam dragon bites you.
* * * LOW HITPOINT WARNING * * *
The steam dragon claws you but does no damage.
The orc hits you with a +0 club.
* * * LOW HITPOINT WARNING * * *
Things that are here:
a +0 dagger; 4 stones; a kobold corpse The orc attacks as you move away!
The orc barely misses you.
You are too injured to fight recklessly!
The orc attacks as you move away! The orc hits you with a +0 club.
* * * LOW HITPOINT WARNING * * *
The steam dragon attacks as you move away!
The steam dragon bites you!
You die...

... .# ..######.####
#......#...>.
##.............## .#
#...............####..
#.............[.#.....
#.....................
#....o@.............
#..)K)D...........
#####...K...........#
##...$.!...........<#
##..................##
#.........$#........
#..........#......!#
#..........#.......#
###..........##.....#


You could see a steam dragon, a kobold brigand, an orc and a kobold.

Vanquished Creatures
  Sigmund (D:5)
  A black bear (D:5)
  A centaur (D:6)
  A phantom (D:5)
  A scorpion (D:4)
  A hound (D:5)
  An orc wizard (D:4)
  4 adders
  An ufetubus (D:4)
  2 worms
  4 dart slugs
  7 orcs
  7 bats
  10 endoplasms
  3 giant cockroaches
  10 hobgoblins
  12 kobolds
  5 quokkas
  7 ball pythons
  2 frilled lizards
  5 goblins
  5 rats
91 creatures vanquished.

Vanquished Creatures (others)
  A white imp (D:6)
1 creature vanquished.

Grand Total: 92 creatures vanquished

Notes
Turn   | Place    | Note
-------+----------+-------------------------------------------
     0 | D:5      | comborobin the Merfolk Delver began the quest for the Orb.
     0 | D:5      | Reached XP level 1. HP: 18/18 MP: 1/1
    10 | D:6      | Noticed a centaur
    79 | D:4      | Found Ariffowum's Jewellery Emporium.
   104 | D:3      | Reached skill level 3 in Polearms
   199 | D:3      | Reached XP level 2. HP: 23/24 MP: 2/2
   370 | D:3      | Reached skill level 4 in Polearms
  1024 | D:2      | Reached XP level 3. HP: 26/29 MP: 3/3
  1180 | D:2      | Reached skill level 5 in Polearms
  1520 | D:2      | Reached XP level 4. HP: 35/35 MP: 4/4
  3128 | D:1      | Reached skill level 6 in Polearms
  3498 | D:4      | Noticed a +0 short sword
  3510 | D:4      | Found a hide-covered altar of Uskayaw.
  3510 | D:4      | Noticed a +0 spear
  3510 | D:4      | Noticed a +0 dagger
  3511 | D:4      | Noticed a +0 falchion
  3512 | D:4      | Noticed a +0 dagger
  3512 | D:4      | Noticed a +0 spear
  3512 | D:4      | Noticed a +0 falchion
  3514 | D:4      | Noticed a +0 short sword
  3530 | D:4      | Reached XP level 5. HP: 40/41 MP: 5/5
  4138 | D:4      | Gained mutation: You are clumsy. (Dex -2) [potion of
                  | mutation]
  4138 | D:4      | Gained mutation: You have hidden genetic potential. [potion
                  | of mutation]
  4138 | D:4      | Gained mutation: Your muscles are strong. (Str +4, Int/Dex
                  | -1) [potion of mutation]
  4583 | D:4      | Reached skill level 7 in Polearms
  5099 | D:4      | Reached XP level 6. HP: 47/47 MP: 6/6
  5229 | D:5      | Noticed Sigmund
  5229 | D:5      | Noticed an ice beast
  5230 | D:5      | Noticed a black bear
  5258 | D:5      | Noticed a black bear
  5261 | D:5      | Reached skill level 5 in Dodging
  5272 | D:5      | Gained mutation: You have great hidden genetic potential.
                  | [hidden potential]
  5275 | D:5      | Killed a black bear
  5276 | D:5      | Reached skill level 8 in Polearms
  5277 | D:5      | HP: 2/47 [orc/+0 club (3)]
  5461 | D:5      | Killed Sigmund
  5462 | D:5      | Reached XP level 7. HP: 44/52 MP: 7/7
  5463 | D:5      | Gained mutation: Your flesh is cold resistant. (rC+)
                  | [hidden potential]
  5463 | D:5      | Lost mutation: You have great hidden genetic potential.
                  | [hidden potential expressed]
  5494 | D:5      | Learned a level 5 spell: Freezing Cloud
  5507 | D:6      | Reached skill level 9 in Polearms
  5592 | D:6      | Noticed a steam dragon
  5607 | D:6      | Mangled by a steam dragon

Illustrated notes

Levels and vault maps discovered:
D:1:      minmay_arrival_hallway, layout_basic, supply_closet_lemuel,
          minmay_misc_feat_rows, minmay_nonomino_d4
D:2:      layout_loops_corners
D:3:      layout_basic
D:4:      layout_basic, nicolae_uskayaw_en_pointe, serial_shops, kennysheep_mini
D:5:      layout_cave_pools, grunt_temple_overflow_lords_of_destruction,
          minmay_diced_spiral, uniq_ijyb, uniq_sigmund
D:6:      layout_rooms, mainiacjoe_overflow_paths, kennysheep_nub,
          palyth_stone_intersect, kennysheep_cross_room, minmay_between

Skill      XL: |  1  2  3  4  5  6  7 |
---------------+----------------------+-----
Polearms       | 3 4 5 6 7 8 9 |  9.2
Dodging        | 3 4 5 6 |  6.1
Fighting       | |  3.2
Stealth        | |  5.4

Action                     |  1- 3 |  4- 6 |  7- 9 || total
---------------------------+-------+-------+-------++-------
  Melee: Spear             |   110 |   144 |       ||   254
         Punch             |       |     5 |       ||     5
         Trident           |       |   128 |    12 ||   140
         Dagger            |       |     6 |       ||     6
    Use: Scroll            |     1 |     7 |       ||     8
         Potion            |       |    13 |       ||    13
   Stab: Sleeping          |    11 |    20 |     1 ||    32
         Distracted        |       |     1 |       ||     1
 Armour: Leather armour    |    10 |    42 |     6 ||    58
  Dodge: Dodged            |    38 |   128 |    10 ||   176

Table legend: (Time is in decaauts)
 A = Elapsed time spent in this place.
 B = Non-inter-level travel time spent in this place.
 C = Inter-level travel time spent in this place.
 D = Time resting spent in this place.
 E = Time spent auto-exploring this place.
 F = Levels seen in this place.
 G = Mean time per level.
                   A        B        C        D        E       F      G
               +--------+--------+--------+--------+--------+-----+--------+
         Total |   5545 |   5331 |    214 |   1374 |   3075 |   6 |  924.2 |
       Dungeon |   5545 |   5331 |    214 |   1374 |   3075 |   6 |  924.2 |
               +--------+--------+--------+--------+--------+-----+--------+

Top non-repeatable levels by time:
     D:4: 1784 daAuts
     D:1: 1320 daAuts
     D:2: 1143 daAuts
     D:3: 820 daAuts
     D:5: 362 daAuts
     D:6: 113 daAuts
